 Dungeon Crawl Stone Soup version 0.30.0-29-ga12c61a403 (webtiles) character file.

Game seed: 8486620521799486172

127925 Dadbod the Severer (level 17, -6/137 HPs)
             Began as a Formicid Fighter on June 17, 2023.
             Was the Champion of Okawaru.
             Killed from afar by a deep elf zephyrmancer (21 damage)
             ... with a bolt of lightning
             ... on level 1 of the Elven Halls.
             The game lasted 01:32:04 (27424 turns).

Dadbod the Severer (Formicid Fighter)              Turns: 27424, Time: 01:32:05

Health: -6/137     AC: 31    Str: 26    XL:     17   Next: 57%
Magic:  22/22      EV: 11    Int: 11    God:    Okawaru [******]
Gold:   2476       SH: 15    Dex: 20    Spells: 16/16 levels left

rFire   + + .        a - +6 battleaxe (vamp)
rCold   + + .        c - +1 kite shield {AC+3}
rNeg    . . .        Y - +2 plate armour {Will+}
rPois   .            (helmet unavailable)
rElec   .            R - +1 cloak of Repulsion {rF+ rC+ Int+3}
rCorr   .            C - +0 pair of fencer's gloves {Riposte Dex+3}
SInv    +            V - +0 pair of boots {Fly}
Will    ++...        j - amulet of faith Stlth
                     Q - +4 ring of protection
HPRegen 0.42/turn    U - ring "Umuhowydd" {rF+ rC+ Str+3}
MPRegen 0.18/turn

%: faith
@: flying
A: permanent stasis, dig shafts and tunnels, antennae 3, four strong arms,
iridescent scales 1, dopey 1
a: Dig, Shaft Self, Renounce Religion, Heroism, Finesse, Duel


You were on level 1 of the Elven Halls.
You worshipped Okawaru.
Okawaru was exalted by your worship.
You visited 4 branches of the dungeon, and saw 23 of its levels.
You also visited: Ice Cave.

You collected 2824 gold pieces.
You spent 348 gold pieces at shops.

Inventory:

Hand Weapons
 a - a +6 vampiric battleaxe (weapon)
 b - a +2 heavy battleaxe
Missiles
 g - 20 boomerangs (quivered)
 m - 10 silver javelins
 u - 28 poisoned darts
 y - 3 throwing nets
 K - 20 javelins
 W - 7 silver boomerangs
Armour
 c - a +1 kite shield of protection (worn)
 z - the +0 ring mail "Xeocul" {rN+ Will- Regen+ Str+2}
   (You found it on level 4 of the Lair of Beasts)

   Str:       It affects your strength (+2).
   rN:        It protects you from negative energy.
   Regen:     It increases your rate of health regeneration.
   Will:      It decreases your willpower.
 C - the +0 pair of fencer's gloves (worn) {Riposte Dex+3}
   (You acquired it on level 7 of the Dungeon)

   Riposte:   It allows the wearer to riposte with melee weapons, swiftly
   retaliating against missed or blocked melee attacks.
   Dex:       It affects your dexterity (+3).
 F - a +3 scale mail of poison resistance
 G - a +1 kite shield of cold resistance
 H - a +1 kite shield of fire resistance
 R - the +1 cloak of Repulsion (worn) {rF+ rC+ Int+3}
   (Okawaru gifted it to you on level 5 of the Lair of Beasts)

   Int:       It affects your intelligence (+3).
   rF:        It protects you from fire.
   rC:        It protects you from cold.
 V - a +0 pair of boots of flying (worn)
 Y - a +2 plate armour of willpower (worn)
Jewellery
 j - an amulet of faith (around neck)
 r - a ring of flight
 w - an amulet of reflection
 x - a ring of resist corrosion
 J - a ring of willpower
 Q - a +4 ring of protection (left hand)
 U - the ring "Umuhowydd" (right hand) {rF+ rC+ Str+3}
   (You found it in an ice cave)

   [ring of protection from cold]

   Str:       It affects your strength (+3).
   rF:        It protects you from fire.
   rC:        It protects you from cold.
 X - a ring of ice
Wands
 p - a wand of flame (27)
 s - a wand of roots (4)
 M - a wand of polymorph (15)
 O - a wand of mindburst (5)
 T - a wand of light (4)
Scrolls
 e - 2 scrolls of fog
 f - 6 scrolls of poison
 i - 5 scrolls of identify
 k - 5 scrolls of enchant armour
 t - 3 scrolls of fear
 v - 2 scrolls of brand weapon
 B - a scroll of magic mapping
Potions
 d - 2 potions of might
 h - 5 potions of invisibility
 l - 4 potions of mutation
 n - a potion of cancellation
 o - 2 potions of flight
 q - 8 potions of heal wounds
 E - 2 potions of lignification
 I - 5 potions of attraction
 N - 6 potions of curing


   Skills:
 * Level 13.5 Fighting
 - Level 19.0 Axes
 - Level 7.6 Throwing
 * Level 11.4 Armour
 * Level 7.7 Dodging
 - Level 4.5 Stealth
 * Level 14.9 Shields
 - Level 7.8 Invocations
 - Level 5.0 Evocations


You had 16 spell levels left.
You didn't know any spells.
Your spell library contained the following spells:

 Spells                   Type           Power      Damage    Failure   Level
 Apportation              Tloc           0%         N/A       99%         1
 Kiss of Death            Conj/Necr      0%         2d5       99%         1
 Magic Dart               Conj           0%         1d3       99%         1
 Necrotise                Necr           0%         1d4       99%         1
 Slow                     Hex            0%         N/A       99%         1
 Searing Ray              Conj           0%         2d4       100%        2
 Static Discharge         Conj/Air       0%         2-2/arc   100%        2
 Sublimation of Blood     Necr           0%         N/A       100%        2
 Confusing Touch          Hex            0%         N/A       100%        3
 Gell's Gravitas          Tloc           0%         N/A       100%        3
 Teleport Other           Tloc           0%         N/A       100%        3
 Vampiric Draining        Necr           0%         2d6       100%        3
 Airstrike                Air            0%         2d(0-16)  100%        4
 Dispel Undead            Necr           0%         3d6       100%        4
 Fulminant Prism          Conj/Hex       0%         3d5       100%        4
 Passage of Golubria      Tloc           0%         N/A       100%        4
 Petrify                  Tmut/Erth      0%         N/A       100%        4
 Agony                    Necr           0%         N/A       100%        5
 Alistair's Intoxication  Tmut/Pois      0%         N/A       100%        5
 Irradiate                Conj/Tmut      0%         3d11      100%        5
 Silence                  Hex/Air        0%         N/A       100%        5
 Dispersal                Tloc           0%         N/A       100%        6
 Borgnjor's Revivificati  Necr           0%         N/A       100%        8
 Lehudib's Crystal Spear  Conj/Erth      0%         10d2      100%        8
 Necromutation            Tmut/Necr      0%         N/A       100%        8
 Death's Door             Necr           0%         N/A       100%        9
 Summon Lightning Spire   Summ/Air       Unusable   N/A       N/A         4

Dungeon Overview and Level Annotations

Branches:
Dungeon (15/15)            Temple (0/1) D:7            Lair (5/5) D:8
  Swamp (0/4) Lair:3       Spider (0/4) Lair:3        Slime (0/5) Lair:5
    Orc (2/2) D:10            Elf (1/3) Orc:2        Vaults (0/5) D:13
 Depths (0/4) D:15          IceCv (visited)

Altars:
Cheibriados
Dithmenos
Gozag
Hepliaklqana
Kikubaaqudgha
Nemelex Xobeh
Okawaru
Qazlal
Trog
Uskayaw
Zin
Jiyva

Shops:
D:7 [   D:9 [   D:12 *   D:14 !!!   Orc:1 :   Orc:2 *([=   Elf:1 =

Portals:
Trove: D:10 (give 7 scrolls of fear)

Annotations:
D:6 2 runed translucent doors, epsilonplus's ghost, novice TeHu
D:9 3 runed translucent doors, exclusion: obsidian statue, Snizzard's ghost, novice DrGl
D:15 Roxanne


Innate Abilities, Weirdness & Mutations

You cannot be hasted, slowed, berserked, paralysed or teleported.
You can dig through walls and to a lower floor.
You have a pair of large antennae on your head. (SInv)
Your four strong arms can wield two-handed weapons with a shield.
You are partially covered in iridescent scales. (AC +2)
You are dopey. (Int -2)


Message History

The deep elf zephyrmancer is severely wounded.
You closely miss the deep elf zephyrmancer.
The deep elf zephyrmancer is severely wounded.
You slash the deep elf zephyrmancer!
You barely miss the deep elf pyromancer.
You block the deep elf zephyrmancer's attack.
The deep elf zephyrmancer hits you but does no damage.
The deep elf pyromancer hits you but does no damage.
The deep elf zephyrmancer casts a spell.
The deep elf zephyrmancer blinks!
Unknown command.
Unknown command.
Unknown command.
You slice the deep elf zephyrmancer!!
You kill the deep elf zephyrmancer!
Okawaru accepts your kill.
You slash the deep elf zephyrmancer!
You feel better.
You slash the deep elf pyromancer!
Unknown command.
Unknown command.
Unknown command.
You hit the deep elf pyromancer.
The deep elf pyromancer is moderately wounded.
You completely miss the deep elf zephyrmancer.
The deep elf zephyrmancer points at you and mumbles some strange words.
The bolt of lightning hits you!!
* * * LOW HITPOINT WARNING * * *
You block the deep elf pyromancer's attack.
Unknown command.
You slice the deep elf pyromancer!!
You feel better.
The deep elf pyromancer is almost dead.
You closely miss the deep elf zephyrmancer.
The deep elf pyromancer gestures wildly while chanting.
The deep elf pyromancer blinks!
The deep elf zephyrmancer gestures at you while chanting.
The bolt of lightning hits you!
* * * LOW HITPOINT WARNING * * *
The deep elf zephyrmancer casts a spell at you.
The bolt of lightning hits you!!
You die...

#.# #.# ## #.# ...##
#####.# (....#+ #..##'#
...(... #.....##
...e..e######...^..###
......)@)...'........#
......ยง######......###
....... #....##'##
......e #..#####.##
....... #### ##.##
e....## #e## ##'# ...##
#.. ###. ### {e.. #...
#..e. #...


You could see a deep elf pyromancer and 3 deep elf zephyrmancers.

Vanquished Creatures
  Kirke (Lair:3)
  Gastronok (Lair:3)
  Agnes (D:14)
  An azure jelly (IceCv)
  An orc warlord (Orc:2)
  2 quicksilver oozes (IceCv)
  A deep elf annihilator (D:14)
  Snorg (D:10)
  3 fire dragons
  9 hydras
  An ogre mage (D:15)
  7 boulder beetles
  5 dancing weapons (Elf:1)
  A catoblepas (D:13)
  3 centaur warriors
  9 two-headed ogres
  15 death yaks
  An orc high priest (Orc:2)
  Urug (Lair:4)
  2 tengu warriors (D:13)
  3 deep elf knights (Elf:1)
  A fire crab (shapeshifter) (D:13)
  An iron troll (D:13)
  2 skysharks (Lair:4)
  A deep troll (D:11)
  2 wizards (D:15)
  5 orc knights
  A harpy (shapeshifter) (Elf:1)
  6 deep elf zephyrmancers (Elf:1)
  2 lindwurms
  A steelbarb worm (shapeshifter) (D:15)
  13 deep elf pyromancers
  2 necromancers
  5 orc sorcerers
  8 ugly things
  2 manticores
  4 cyclopes
  10 elephants (Lair:4)
  2 ice statues (IceCv)
  A naga mage (D:15)
  12 black mambas
  Joseph (D:7)
  2 centaur skeletons (D:15)
  A torpor snail (Lair:4)
  3 gargoyles
  3 molten gargoyles (Lair:5)
  18 cane toads
  5 rime drakes
  An efreet (D:11)
  13 komodo dragons
  5 kobold demonologists (D:7)
  8 trolls
  3 tengu conjurers (D:14)
  A harpy zombie (D:15)
  3 meliai (D:13)
  A polar bear (Lair:4)
  15 blink frogs
  4 hornets
  Sigmund (D:6)
  A jumping spider (Lair:3)
  A centaur simulacrum (D:14)
  An air elemental (Elf:1)
  A wraith (D:12)
  2 culicivoras (Lair:3)
  33 slime creatures
  A wyvern (shapeshifter) (D:13)
  A vampire (D:9)
  2 shadows
  7 hogs (Lair:3)
  61 yaks
  2 basilisks
  3 wyverns
  2 redbacks (Lair:3)
  4 steam dragons
  A yak (shapeshifter) (D:15)
  7 vampire mosquitoes
  A warg (Orc:1)
  9 water moccasins
  4 hell hounds (Lair:5)
  Duvessa (D:5)
  A black bear (shapeshifter) (D:13)
  2 sky beasts
  A black bear (Lair:4)
  27 orc warriors
  A hornet zombie (D:15)
  13 ogres
  4 great orb of eyes simulacra (IceCv)
  4 boggarts (Lair:4)
  5 centaurs
  11 wolves
  A slime creature simulacrum (IceCv)
  Blork the orc (D:5)
  4 kobold brigands
  9 bullfrogs
  4 glowing shapeshifter simulacra (IceCv)
  5 gnoll sergeants
  3 scorpions
  10 wights
  Dowan (D:5)
  11 killer bees
  3 howler monkeys
  2 electric eels (Lair:1)
  6 lava snakes
  Crazy Yiuf (D:5)
  6 jellies
  27 orc priests
  3 iguanas
  2 sleepcaps
  Jessica (D:3)
  26 orc wizards
  2 shapeshifter simulacra (IceCv)
  16 gnolls
  7 adders
  A shadow imp (D:8)
  2 white imps
  An ufetubus (D:5)
  A worm (D:2)
  2 dart slugs (D:1)
  90 orcs
  6 ball pythons
  4 endoplasms
  3 giant cockroaches
  2 goblins
  10 hobgoblins
  8 jackals
  10 kobolds
  A quokka (D:1)
  5 bats
  4 frilled lizards
  5 rats
758 creatures vanquished.

Vanquished Creatures (others)
  A deep elf archer (Elf:1)
  A wyvern (Lair:5)
2 creatures vanquished.

Grand Total: 760 creatures vanquished

Notes
Turn   | Place    | Note
-------+----------+-------------------------------------------
     0 | D:1      | Dadbod the Formicid Fighter began the quest for the Orb.
     0 | D:1      | Reached XP level 1. HP: 18/18 MP: 1/1
   111 | D:1      | Reached XP level 2. HP: 24/24 MP: 2/2
   226 | D:1      | Reached XP level 3. HP: 27/29 MP: 3/3
   546 | D:1      | Gained mutation: You are partially covered in iridescent
                  | scales. (AC +2) [potion of mutation]
   546 | D:1      | Gained mutation: You are dopey. (Int -2) [potion of
                  | mutation]
   774 | D:2      | Reached XP level 4. HP: 27/36 MP: 4/4
  1094 | D:2      | Reached skill level 3 in Axes
  1538 | D:3      | Noticed Jessica
  1547 | D:3      | Killed Jessica
  1548 | D:3      | Reached XP level 5. HP: 37/42 MP: 3/5
  1936 | D:3      | Found an ancient bone altar of Kikubaaqudgha.
  2194 | D:4      | Reached skill level 1 in Throwing
  2344 | D:4      | Found a shadowy altar of Dithmenos.
  2355 | D:4      | Reached skill level 4 in Axes
  2417 | D:4      | Reached XP level 6. HP: 45/48 MP: 6/6
  2666 | D:4      | Noticed an ogre
  2673 | D:4      | Killed an ogre
  2820 | D:4      | Identified the +2 robe of Words of Power {+Blink Dex+6}
  2997 | D:5      | Entered Level 5 of the Dungeon
  3027 | D:5      | Noticed Duvessa
  3029 | D:5      | Reached skill level 5 in Axes
  3033 | D:5      | Killed Duvessa
  3034 | D:5      | Reached XP level 7. HP: 54/54 MP: 7/7
  3037 | D:5      | Noticed Dowan
  3045 | D:5      | Killed Dowan
  3250 | D:5      | Found a hazy altar of Hepliaklqana.
  3251 | D:5      | Found a glowing silver altar of Zin.
  3266 | D:5      | Reached skill level 6 in Axes
  3266 | D:5      | Reached skill level 1 in Dodging
  3340 | D:5      | Noticed Blork the orc
  3350 | D:5      | Killed Blork the orc
  3351 | D:5      | Reached XP level 8. HP: 38/61 MP: 8/8
  3469 | D:5      | You are sucked into a shaft and drop 1 floor!
  3586 | D:6      | Noticed Sigmund
  3592 | D:6      | Killed Sigmund
  3593 | D:6      | Reached skill level 1 in Evocations
  3594 | D:6      | Reached skill level 5 in Shields
  3662 | D:6      | Reached skill level 7 in Axes
  3662 | D:6      | Reached skill level 1 in Stealth
  3730 | D:6      | Noticed a hornet
  3736 | D:6      | Reached skill level 5 in Armour
  3752 | D:6      | Killed a hornet
  3753 | D:6      | Reached XP level 9. HP: 18/66 MP: 9/9
  4286 | D:5      | Found a runed translucent door.
  4287 | D:5      | Noticed Crazy Yiuf
  4293 | D:5      | Killed Crazy Yiuf
  4492 | D:6      | Found a large runed translucent door.
  4493 | D:6      | Found a large runed translucent door.
  4496 | D:6      | Noticed epsilonplus's ghost (novice TeHu)
  4535 | D:6      | Reached skill level 8 in Axes
  4544 | D:6      | Found an iron altar of Okawaru.
  4548 | D:6      | Became a worshipper of Warmaster Okawaru
  5072 | D:7      | Reached skill level 5 in Fighting
  5141 | D:6      | Reached * piety under Okawaru
  5178 | D:7      | Noticed a kobold demonologist
  5179 | D:7      | Noticed a kobold demonologist
  5180 | D:7      | Noticed a kobold demonologist
  5180 | D:7      | Noticed a kobold demonologist
  5186 | D:6      | Reached skill level 9 in Axes
  5422 | D:7      | Noticed a soul eater
  5423 | D:7      | Killed a kobold demonologist
  5423 | D:7      | Noticed a kobold demonologist
  5424 | D:7      | Killed a kobold demonologist
  5425 | D:7      | Reached XP level 10. HP: 71/74 MP: 7/10
  5429 | D:7      | Noticed a rust devil
  5429 | D:7      | Reached ** piety under Okawaru
  5431 | D:7      | Killed a kobold demonologist
  5432 | D:7      | Reached skill level 10 in Axes
  5434 | D:7      | Killed a kobold demonologist
  5439 | D:7      | Killed a kobold demonologist
  5547 | D:7      | Noticed Joseph
  5735 | D:7      | Killed Joseph
  5736 | D:7      | Reached skill level 5 in Evocations
  5916 | D:7      | Found a snail-covered altar of Cheibriados.
  5918 | D:7      | Found Cheibriados's Comfort Zone.
  5942 | D:7      | Found a staircase to the Ecumenical Temple.
  5996 | D:7      | Found a bloodstained altar of Trog.
  6115 | D:7      | Found an opulent altar of Gozag.
  6194 | D:7      | Identified a scroll of acquirement
  6194 | D:7      | Acquired the +0 pair of fencer's gloves {Riposte Dex+3}
  6194 | D:7      | Found the +0 pair of fencer's gloves {Riposte Dex+3}
  6393 | D:8      | Noticed a death yak
  6409 | D:8      | Noticed a death yak
  6412 | D:8      | Killed a death yak
  6412 | D:8      | Reached *** piety under Okawaru
  6413 | D:8      | Reached skill level 11 in Axes
  6413 | D:8      | Reached skill level 1 in Invocations
  6710 | D:8      | Reached XP level 11. HP: 81/81 MP: 12/12
  6807 | D:8      | Reached **** piety under Okawaru
  7164 | D:8      | Found a staircase to the Lair.
  7170 | D:8      | Noticed a death yak
  7188 | D:8      | Killed a death yak
  7200 | D:8      | Noticed a death yak
  7207 | D:8      | Noticed a death yak
  7213 | D:8      | Killed a death yak
  7214 | D:8      | Reached skill level 12 in Axes
  7219 | D:8      | Killed a death yak
  7219 | D:8      | Received a gift from Okawaru
  7225 | D:8      | Killed a death yak
  7228 | D:8      | HP: 1/83 [yak (8)]
  7973 | D:9      | Found Fokiet's Antique Armour Shoppe.
  8074 | D:9      | Found a stormy altar of Qazlal.
  8520 | D:9      | Found a runed translucent gate.
  8520 | D:9      | Found a runed translucent gate.
  8520 | D:9      | Found a runed translucent gate.
  8522 | D:9      | Found an opulent altar of Gozag.
  8523 | D:9      | Noticed an obsidian statue
  8647 | D:9      | Noticed a two-headed ogre
  8647 | D:9      | Noticed Snizzard's ghost (novice DrGl)
  9147 | D:10     | Entered Level 10 of the Dungeon
  9256 | D:10     | Reached ***** piety under Okawaru
  9305 | D:10     | Reached skill level 5 in Invocations
  9400 | D:10     | Reached skill level 13 in Axes
  9402 | D:10     | Reached XP level 12. HP: 66/89 MP: 15/15
  9687 | D:10     | Found a portal to a secret trove of treasure.
  9757 | D:10     | Found a staircase to the Orcish Mines.
  9776 | D:10     | Noticed Snorg
  9889 | Lair:1   | Entered Level 1 of the Lair of Beasts
  9941 | Lair:1   | Received a gift from Okawaru
 10957 | Lair:1   | Reached skill level 14 in Axes
 11708 | Lair:2   | Noticed a boulder beetle
 11721 | Lair:2   | Killed a boulder beetle
 11721 | Lair:2   | Received a gift from Okawaru
 12235 | Lair:2   | Reached skill level 5 in Throwing
 12238 | Lair:2   | Received a gift from Okawaru
 12724 | Lair:3   | Noticed Kirke
 12729 | Lair:3   | Reached XP level 13. HP: 96/96 MP: 17/17
 12743 | Lair:3   | Killed Kirke
 12986 | Lair:3   | Noticed Gastronok
 13008 | Lair:3   | Killed Gastronok
 13009 | Lair:3   | Reached skill level 15 in Axes
 13575 | Lair:3   | Found a staircase to the Swamp.
 13832 | Lair:3   | Found a hole to the Spider Nest.
 14204 | D:9      | Bought a shiny scale mail for 168 gold pieces
 14204 | D:9      | Bought a glowing chain mail for 180 gold pieces
 14307 | Lair:4   | Noticed a four-headed hydra
 14314 | Lair:4   | Killed a four-headed hydra
 14509 | Lair:4   | Identified the +2 broad axe "Vesiwic" {pain, rN++ Str+2
                  | Int-5 Dex+3} (Okawaru gifted it to you on level 4 of the
                  | Lair of Beasts)
 14509 | Lair:4   | Received a gift from Okawaru
 14673 | Lair:4   | Reached ****** piety under Okawaru
 14904 | Lair:4   | Noticed a four-headed hydra
 14916 | Lair:4   | Killed a five-headed hydra
 14943 | Lair:4   | Noticed a four-headed hydra
 14949 | Lair:4   | Killed a four-headed hydra
 14950 | Lair:4   | Reached skill level 5 in Dodging
 14955 | Lair:4   | Reached XP level 14. HP: 27/106 MP: 17/19
 15269 | Lair:4   | Identified the +0 ring mail "Xeocul" {rN+ Will- Regen+
                  | Str+2}
 15396 | Lair:4   | Identified the +9 giant club of Death's Door {drain, rN+
                  | rCorr} (Okawaru gifted it to you on level 4 of the Lair of
                  | Beasts)
 15396 | Lair:4   | Received a gift from Okawaru
 15431 | Lair:4   | Reached skill level 10 in Shields
 15579 | Lair:4   | Reached skill level 16 in Axes
 16161 | Lair:4   | Noticed Urug
 16170 | Lair:4   | Killed Urug
 16439 | Lair:4   | Received a gift from Okawaru
 16701 | Lair:5   | Entered Level 5 of the Lair of Beasts
 16797 | Lair:5   | Identified the +1 cloak of Repulsion {rF+ rC+ Int+3}
                  | (Okawaru gifted it to you on level 5 of the Lair of Beasts)
 16797 | Lair:5   | Received a gift from Okawaru
 17312 | Lair:5   | Found a staircase to the Slime Pits.
 17314 | Lair:5   | Found a viscous altar of Jiyva.
 17380 | Lair:5   | Reached XP level 15. HP: 115/115 MP: 20/20
 17386 | Lair:5   | Reached skill level 10 in Fighting
 17806 | Lair:5   | Received a gift from Okawaru
 18218 | Lair:5   | Received a gift from Okawaru
 18387 | Lair:5   | Found a large runed translucent door.
 18387 | Lair:5   | Found a large runed translucent door.
 18760 | Lair:5   | Received a gift from Okawaru
 19347 | D:10     | Reached skill level 10 in Armour
 19500 | D:10     | Killed Snorg
 19524 | Orc:1    | Entered Level 1 of the Orcish Mines
 19535 | Orc:1    | Found Luibbak's Book Shoppe.
 19779 | Orc:2    | Entered Level 2 of the Orcish Mines
 19779 | Orc:2    | Found a staircase to the Elven Halls.
 19899 | Orc:2    | Found a frozen archway.
 19911 | IceCv    | Entered an ice cave
 20056 | IceCv    | Received a gift from Okawaru
 20196 | IceCv    | Noticed a quicksilver ooze
 20201 | IceCv    | Killed a quicksilver ooze
 20266 | IceCv    | Noticed a quicksilver ooze
 20273 | IceCv    | Killed a quicksilver ooze
 20603 | IceCv    | Received a gift from Okawaru
 20749 | IceCv    | Noticed an azure jelly
 20756 | IceCv    | Killed an azure jelly
 20759 | IceCv    | Received a gift from Okawaru
 20762 | IceCv    | Found a viscous altar of Jiyva.
 20782 | IceCv    | Got the ring "Umuhowydd" {rF+ rC+ Str+3}
 20784 | IceCv    | Identified the +1 robe of the Blacksmith {-Cast Harm rElec
                  | rF+}
 21136 | Orc:2    | Reached XP level 16. HP: 112/127 MP: 19/21
 21586 | Orc:2    | Found Peenorer's Jewellery Emporium.
 21892 | Orc:2    | Found Fiv Sap's Antique Armour Emporium.
 21910 | Orc:2    | Found Kyogisch's General Store.
 21932 | Orc:2    | Found Cugila's Antique Weapon Emporium.
 22132 | Orc:1    | Received a gift from Okawaru
 22219 | Orc:1    | Reached skill level 17 in Axes
 22856 | D:11     | Found a runed translucent door.
 22889 | D:11     | Received a gift from Okawaru
 23561 | D:12     | Received a gift from Okawaru
 23579 | D:12     | Found Nagoudgh's General Store.
 23692 | D:12     | Received a gift from Okawaru
 24287 | D:13     | Reached skill level 18 in Axes
 24534 | D:13     | Found a gate to the Vaults.
 24783 | D:13     | Found a sparkling altar of Nemelex Xobeh.
 25184 | D:14     | Found Kuate's Distillery.
 25329 | D:14     | Reached skill level 19 in Axes
 25619 | D:14     | Received a gift from Okawaru
 25677 | D:14     | Noticed Agnes
 25690 | D:14     | Killed Agnes
 25848 | D:14     | Found Cotubliy's Distillery.
 26050 | D:14     | Found Upopuk's Distillery.
 26155 | D:15     | Entered Level 15 of the Dungeon
 26180 | D:15     | Identified Roxanne's Vademecum on the Cwm
 26180 | D:15     | Noticed Roxanne
 26236 | D:15     | Reached XP level 17. HP: 133/133 MP: 22/22
 26266 | D:15     | Identified the +1 robe of Towaomag {Fly rPois MP+9 SInv}
                  | (Okawaru gifted it to you on level 15 of the Dungeon)
 26266 | D:15     | Received a gift from Okawaru
 26292 | D:15     | Found a hide-covered altar of Uskayaw.
 26678 | D:15     | Found a staircase to the Depths.
 27083 | Elf:1    | Entered Level 1 of the Elven Halls
 27198 | Elf:1    | Found Xilisaim's Jewellery Boutique.
 27342 | Elf:1    | Received a gift from Okawaru
 27424 | Elf:1    | Killed from afar by a deep elf zephyrmancer

Illustrated notes

Levels and vault maps discovered:
D:1:      elethiomel_arrival_shortcut, layout_basic
D:2:      layout_loops_ring
D:3:      layout_basic, kiku_gazebo_garden_becter, serial_bayou_lagoon_b,
          uniq_jessica
D:4:      layout_basic, grunt_dithmenos_smoke_and_mirrors
D:5:      layout_loops_ring, gammafunk_temple_overflow_pools,
          uniq_crazy_yiuf_cottage, uniq_duvessa, uniq_blork_the_orc
D:6:      layout_basic, general_overflow_altar, ebering_ghost_disaster_area,
          uniq_sigmund
D:7:      layout_rooms, lightli_temple_of_fire, lemuel_crystal_altar,
          minmay_temple_entry_grid, minmay_shop_chei, grunt_decor_resistance,
          uniq_joseph
D:8:      layout_basic, dpeg_lair_monsters, serial_co_window_serial,
          co_window_corner_a, co_window_corner_a, co_window_of_opportunity_a,
          co_window_of_opportunity_a, co_window_paths_a, co_window_corner_a,
          co_window_paths_b, co_window_2corner, co_window_corner_b,
          co_window_corner_b, co_window_2corner, co_window_cross_3,
          glass_columns_a, glass_columns_a, glass_columns_a, st_stairs_5
D:9:      layout_loops_corners, nicolae_qazlal_style_of_elements,
          ebering_ghost_gozag, serial_shops, shop
D:10:     minmay_razor_zed, layout_long_grid, enter_trove_3, st_stairs_1,
          uniq_snorg
D:11:     minmay_goldmine, layout_irregular_city, lightli_airlock
D:12:     layout_roguey, serial_shops, shop_fountains, minmay_misc_feat_alley
D:13:     layout_cross, david_vaults_4, amcnicky_mini_pool_small,
          nemelex_diamond_rough_becter
D:14:     layout_layer_cave, serial_shops, nicolae_square_shop, shop,
          nicolae_shop_pleasant_corner_grove, minmay_three_doors, uniq_agnes
D:15:     grunt_enter_depths_magical_seal, layout_stronghold,
          minmay_misc_feat_pillars, nicolae_uskayaw_suspiria, uniq_roxanne
Lair:1:   statuecave_lemuel, layout_loops_ring
Lair:2:   layout_cave_pods
Lair:3:   layout_layer_cave, swamp_mist, spider_nest_entry_funnel_web,
          grunt_megastairs_5, uniq_gastronok, uniq_kirke
Lair:4:   nzn_winding_woodlands_huge [nzn_winding_woodlands_5x15_parted,
          nzn_winding_woodlands_5x15_pathside_ponds,
          nzn_winding_woodlands_5x15_concentric,
          nzn_winding_woodlands_5x15_garden, nzn_winding_woodlands_5x15_pool,
          nzn_winding_woodlands_5x15_cabin, nzn_winding_woodlands_5x15_default,
          nzn_winding_woodlands_5x15_split_checker,
          nzn_winding_woodlands_5x15_longhouse,
          nzn_winding_woodlands_5x15_zeroes,
          nzn_winding_woodlands_center_triple_pond,
          nzn_winding_woodlands_center_diamonds,
          nzn_winding_woodlands_15x15_killbox], layout_gridlike,
          kilobyte_rumbling_trees, uniq_urug
Lair:5:   cheibrodos_lair_end_hotspot, layout_cave_pods,
          minmay_slime_entry_pillars, lemuel_old_faithful
Orc:1:    layout_caves, serial_shops, nicolae_shop_stone
Orc:2:    grunt_orc_cross, layout_caves, portal_ice_cave_rime
Elf:1:    minmay_elf_arrival_summoners, layout_geoelf_octagon, serial_shops,
          nicolae_shop_window_shopping, minmay_elf_crystal_hexagon

Skill      XL: |  1  2  3  4  5  6  7  8  9 10 11 12 13 14 15 16 17 |
---------------+----------------------------------------------------+-----
Fighting       | 4 5 6 7 8 9 11 12 13 | 13.5
Axes           | 3 4 5 6 7 9 11 13 14 15 16 19 | 19.0
Armour         | 4 5 6 7 8 9 10 11 | 11.4
Throwing       | 1 2 3 5 6 7 |  7.6
Dodging        | 1 2 3 5 6 7 |  7.7
Evocations     | 2 3 5 |  5.0
Shields        | 5 6 7 8 9 11 13 14 | 14.9
Stealth        | 1 2 3 4 |  4.5
Invocations    | 2 5 7 |  7.8

Action                     |  1- 3 |  4- 6 |  7- 9 | 10-12 | 13-15 | 16-18 || total
---------------------------+-------+-------+-------+-------+-------+-------++-------
  Melee: War axe           |    80 |   120 |   148 |   308 |   662 |    15 ||  1333
         Battleaxe         |       |       |       |       |       |   525 ||   525
  Throw: Boomerang         |       |     2 |     7 |   104 |   118 |    11 ||   242
 Invoke: Heroism           |       |       |     1 |     4 |    17 |     2 ||    24
Ability: Dig               |       |     1 |       |     2 |     1 |     1 ||     5
  Evoke: Wand              |       |     2 |       |       |     5 |       ||     7
    Use: Scroll            |     5 |    10 |     3 |     4 |     6 |     9 ||    37
         Potion            |     1 |       |     4 |     3 |     1 |       ||     9
   Stab: Sleeping          |       |       |     1 |     1 |     1 |       ||     3
         Invisible         |       |       |     1 |       |     4 |       ||     5
         Fleeing           |       |       |       |       |     1 |       ||     1
         Petrified         |       |       |       |       |       |     5 ||     5
         Petrifying        |       |       |       |       |       |     1 ||     1
 Armour: Scale mail        |    43 |    63 |     7 |       |   155 |       ||   268
         Ring mail         |       |       |    53 |   103 |    17 |       ||   173
         Skin              |       |       |    12 |       |       |       ||    12
         Chain mail        |       |       |       |       |    55 |     7 ||    62
         Plate armour      |       |       |       |       |       |   178 ||   178
  Dodge: Dodged            |    36 |    62 |    88 |   158 |   278 |   135 ||   757
  Block: Buckler           |    25 |    36 |    54 |    36 |       |       ||   151
         Kite shield       |       |       |       |   134 |   493 |   330 ||   957
Riposte: War axe           |       |       |       |    78 |   202 |     3 ||   283
         Battleaxe         |       |       |       |       |       |   133 ||   133
